 Dungeon Crawl Stone Soup version 0.29.1-15-g9cfb28693d (webtiles) character file.

Game seed: 17177794917379961141

14053 Coron the Severer (level 12, -7/112 HPs)
             Began as a Meteoran Fighter on Mar 24, 2023.
             Was the Champion of Okawaru.
             Mangled by a white ugly thing (22 damage)
             ... on level 11 of the Dungeon.
             The game lasted 00:28:06 (3545 turns).

Coron the Severer (Meteoran Fighter)                Turns: 3545, Time: 00:28:07

Health: -7/112     AC: 26    Str: 24    XL:     12   Next: 73%
Magic:  16/19      EV: 11    Int: 10    God:    Okawaru [******]
Gold:   432        SH:  5    Dex: 13    Spells: 11/11 levels left

rFire   . . .      SeeInvis .   x - +8 broad axe of the Brewing Pill Bug {flame, Will+}
rCold   . . .      Faith    .   c - +0 buckler
rNeg    + . .      Spirit   .   u - +1 plate armour
rPois   .          Reflect  .   r - +0 helmet
rElec   .          Harm     .   y - +0 cloak
rCorr   .          Rampage  .   g - +2 pair of gloves
Will    ++...                   n - +2 pair of boots
Stlth   ..........              (no amulet)
HPRegen 0.28/turn               d - +4 ring of evasion
MPRegen 0.16/turn               q - ring of positive energy

@: glowing, studying Fighting
A: sense surroundings 2, otherworldly, glowing, explore regen
a: Renounce Religion, Heroism, Finesse, Duel


You were on level 11 of the Dungeon.
You worshipped Okawaru.
Okawaru was exalted by your worship.
You visited 1 branch of the dungeon, and saw 11 of its levels.

You collected 432 gold pieces.

Inventory:

Hand Weapons
 x - the +8 broad axe of the Brewing Pill Bug (weapon) {flame, Will+}
   (Okawaru gifted it to you on level 7 of the Dungeon)

   It burns those it strikes, dealing additional fire damage.
   Big, fiery blades are also staple armaments of hydra-hunters.
   Will:      It increases your willpower.
 z - the +9 hammer "Ommanic" {protect, rElec}
   (You found it on level 7 of the Dungeon)

   It grants its wielder temporary protection when it strikes (+7 to AC).
   rElec:     It insulates you from electricity.
Missiles
 f - 17 poisoned darts (quivered)
Armour
 c - a +0 buckler (worn)
 g - a +2 pair of gloves (worn)
 n - a +2 pair of boots (worn)
 r - a +0 helmet (worn)
 u - a +1 plate armour (worn)
 y - a +0 cloak (worn)
Jewellery
 d - a +4 ring of evasion (left hand)
 j - a ring of protection from fire
 q - a ring of positive energy (right hand)
 C - a ring of protection from fire
Wands
 o - a wand of flame (20)
 D - a wand of roots (8)
Scrolls
 e - 4 scrolls of poison
 m - a scroll of butterflies
 p - a scroll of enchant armour
 t - a scroll of silence
 v - 3 scrolls of teleportation
 w - 2 scrolls of vulnerability
 B - 2 scrolls of fear
Potions
 a - a potion of ambrosia {unknown}
 h - 2 potions of heal wounds
 i - 5 potions of curing
 k - 2 potions of haste
 l - a potion of mutation
 s - a potion of berserk rage {unknown}
 A - a potion of might
 E - a potion of flight {unknown}
 F - a potion of degeneration {unknown}


   Skills:
 - Level 12.0 Fighting
 + Level 15.4 Axes
 - Level 12.0 Armour
 - Level 5.0 Shields
 - Level 8.0 Invocations


You had 11 spell levels left.
You didn't know any spells.
Your spell library contained the following spells:

 Spells                   Type           Power      Damage    Failure   Level
 Blink                    Tloc           0%         N/A       100%        2
 Static Discharge         Conj/Air       0%         3-3/arc   100%        2
 Gell's Gravitas          Tloc           0%         N/A       100%        3
 Lesser Beckoning         Tloc           0%         N/A       100%        3
 Teleport Other           Tloc           0%         N/A       100%        3
 Dispel Undead            Necr           0%         3d6       100%        4
 Sticky Flame             Conj/Fire      0%         2d3       100%        4
 Manifold Assault         Tloc           0%         N/A       100%        5
 Borgnjor's Revivificati  Necr           0%         N/A       100%        8
 Necromutation            Tmut/Necr      0%         N/A       100%        8
 Death's Door             Necr           0%         N/A       100%        9


Dungeon Overview and Level Annotations

Branches:
Dungeon (11/15) Zot: 3013  Temple (0/1) D:4            Lair (0/5) D:9
    Orc (0/2) D:11

Altars:
Cheibriados
Elyvilon
Okawaru
Ru
Vehumet
Xom

Shops:
D:4 (

Annotations:
D:11 1 transporter


Innate Abilities, Weirdness & Mutations

You passively map the area around you.
You are easily found by Zot.
You glow in the dark.
You regain HP and MP as you explore.


Message History

Unknown command.
You closely miss the orc knight.
The orc knight is moderately wounded.
You hit the boulder beetle but do no damage.
You feel like a meek peon again. The boulder beetle barely misses you.
The orc knight hits you but does no damage.
Unknown command.
You barely miss the orc knight.
The orc knight is moderately wounded.
You hit the boulder beetle but do no damage.
The boulder beetle bites you but does no damage.
The orc knight hits you but does no damage.
Unknown command.
You slice the orc knight!! You burn the orc knight.
The orc knight is heavily wounded.
You hit the boulder beetle but do no damage.
The boulder beetle bites you!
The orc knight hits you with a +0 glaive!
Unknown command.
You slash the orc knight! You burn the orc knight.
The orc knight is almost dead.
You hit the boulder beetle. You burn the boulder beetle.
The boulder beetle bites you but does no damage.
The orc knight hits you but does no damage.
Unknown command.
You slash the orc knight! You burn the orc knight.
You kill the orc knight!
Okawaru accepts your kill.
You hit the boulder beetle. You burn the boulder beetle.
The boulder beetle bites you!!
* * * LOW HITPOINT WARNING * * *
Unknown command.
You hit the white ugly thing. You burn the white ugly thing.
The white ugly thing is lightly wounded.
You hit the boulder beetle but do no damage.
The white ugly thing engulfs you.
* * * LOW HITPOINT WARNING * * *
The white ugly thing freezes you!!
You die...

*#.#..................#.......
#.#..................)...# ,
#...#....................# ##
#.......#####♣.♣#####....##...
###......##[$.#...#$[$##)......O
.........#⌠?$?#.©.#...⌠#†..###.#
*.###....####'#######+####..# ,#
##....#.....uB........#..###.# ,
#.....#..##.#@##...#..#......#
#.....##.####.# .##..##...##..
#......#...#..##.###.#...##
#......#B#...........#...# ,
#......#l#.#.#.##.#..#..## *, ,
#.....##.#.###.# .##.##.# *
#..#..##.......##....##.#
#.....#.##.©##...###. #.#
###.#.#.##.##†..##.##.#.# ,


You could see a boulder beetle and a white ugly thing.

Vanquished Creatures
  Erolcha (D:9)
  A centaur warrior (D:11)
  A boulder beetle (D:11)
  2 hydras (D:11)
  2 two-headed ogres (D:11)
  An orc knight (D:11)
  The ghost of tbole the Cudgeller, a novice TrFi of Okawaru (D:5)
  The ghost of hawla the Firebug, a novice MeFE of Vehumet (D:5)
  Maggie (D:7)
  2 trolls (D:11)
  A queen bee (shapeshifter) (D:9)
  Sigmund (D:3)
  A vampire (D:10)
  2 shadows (D:11)
  3 wyverns
  10 yaks
  A wraith (D:11)
  Grum (D:10)
  2 basilisks (D:9)
  A vampire mosquito (D:11)
  A steam dragon (D:10)
  2 acid dragons
  4 water moccasins
  11 orc warriors
  An ice beast (D:7)
  A sky beast (D:7)
  2 black bears
  2 centaurs
  4 wolves (D:10)
  A kobold brigand (D:6)
  A bullfrog (D:7)
  A necrophage (D:5)
  3 gnoll sergeants
  A scorpion (D:6)
  9 wights
  4 killer bees (D:11)
  A howler monkey (D:5)
  9 orc priests
  2 hounds (D:5)
  Crazy Yiuf (D:7)
  A jelly (D:5)
  2 gnoll boudas (D:7)
  2 iguanas
  7 orc wizards
  18 gnolls
  4 adders
  A white imp (D:7)
  2 ufetubi
  A worm (D:2)
  38 orcs
  4 ball pythons
  4 bats
  An endoplasm (D:3)
  A giant cockroach (D:4)
  A goblin (D:1)
  3 hobgoblins
  2 jackals (D:1)
  2 kobolds
  3 quokkas
  3 frilled lizards
  A rat (D:2)
198 creatures vanquished.

Vanquished Creatures (others)
  6 plants (D:9)
  2 withered plants (D:5)
8 creatures vanquished.

Grand Total: 206 creatures vanquished

Notes
Turn   | Place    | Note
-------+----------+-------------------------------------------
     0 | D:1      | Coron the Meteoran Fighter began the quest for the Orb.
     0 | D:1      | Reached XP level 1. HP: 19/19 MP: 2/2
   122 | D:1      | Reached XP level 2. HP: 24/26 MP: 3/3
   323 | D:2      | Reached XP level 3. HP: 28/31 MP: 4/4
   399 | D:2      | Reached skill level 3 in Axes
   461 | D:2      | Found a faded altar of an unknown god.
   471 | D:2      | Reached XP level 4. HP: 38/40 MP: 5/5
   526 | D:2      | Prayed at the altar of an unknown god.
   526 | D:2      | Became a worshipper of Warmaster Okawaru
   526 | D:2      | Reached * piety under Okawaru
   765 | D:3      | Noticed Sigmund
   777 | D:3      | Killed Sigmund
   778 | D:3      | Reached skill level 4 in Axes
   778 | D:3      | Reached skill level 6 in Axes
   778 | D:3      | Reached XP level 5. HP: 41/46 MP: 6/6
   778 | D:3      | Reached XP level 6. HP: 47/52 MP: 7/7
   899 | D:4      | Found Fetuoc's Antique Weapon Boutique.
  1018 | D:4      | Found a staircase to the Ecumenical Temple.
  1074 | D:4      | Reached ** piety under Okawaru
  1075 | D:4      | Reached skill level 5 in Armour
  1169 | D:4      | You fall into a shaft and drop 1 floor!
  1169 | D:5      | Entered Level 5 of the Dungeon
  1225 | D:5      | Found a shimmering altar of Xom.
  1226 | D:5      | Noticed a water moccasin
  1237 | D:5      | Reached XP level 7. HP: 54/59 MP: 8/8
  1268 | D:5      | Killed a water moccasin
  1269 | D:5      | Reached skill level 5 in Fighting
  1294 | D:5      | Found a runed translucent gate.
  1294 | D:5      | Found a runed translucent gate.
  1294 | D:5      | Found a runed translucent gate.
  1295 | D:5      | Noticed tbole's ghost (novice TrFi)
  1295 | D:5      | Noticed hawla's ghost (novice MeFE)
  1326 | D:5      | Killed tbole's ghost
  1326 | D:5      | Reached *** piety under Okawaru
  1327 | D:5      | Reached skill level 7 in Axes
  1327 | D:5      | Reached XP level 8. HP: 44/68 MP: 7/12
  1334 | D:5      | Killed hawla's ghost
  1334 | D:5      | Reached **** piety under Okawaru
  1335 | D:5      | Reached skill level 8 in Axes
  1335 | D:5      | Gained mutation: You passively map the area around you.
                  | [Meteoran growth]
  1335 | D:5      | Reached XP level 9. HP: 26/75 MP: 8/13
  1577 | D:6      | Reached skill level 9 in Axes
  1600 | D:6      | Reached skill level 5 in Shields
  1847 | D:7      | Noticed Maggie
  1855 | D:7      | Reached ***** piety under Okawaru
  1867 | D:7      | Killed Maggie
  1870 | D:7      | Identified the +8 broad axe of the Brewing Pill Bug {flame,
                  | Will+} (Okawaru gifted it to you on level 7 of the Dungeon)
  1870 | D:7      | Received a gift from Okawaru
  1871 | D:7      | Reached XP level 10. HP: 44/88 MP: 14/14
  1914 | D:7      | Found the +4 moon troll leather armour {Spirit, Regen++
                  | MP+5}
  1989 | D:7      | Found a runed translucent door.
  1990 | D:7      | Noticed Crazy Yiuf
  1997 | D:7      | Killed Crazy Yiuf
  2008 | D:7      | Identified the +9 hammer "Ommanic" {protect, rElec}
  2203 | D:7      | Reached skill level 10 in Axes
  2203 | D:7      | Reached skill level 10 in Armour
  2248 | D:7      | Found an iron altar of Okawaru.
  2248 | D:7      | Found a sacrificial altar of Ru.
  2410 | D:8      | Reached skill level 11 in Axes
  2497 | D:9      | Received a gift from Okawaru
  2505 | D:9      | Reached skill level 12 in Axes
  2546 | D:9      | Reached XP level 11. HP: 97/97 MP: 15/15
  2556 | D:9      | Reached skill level 13 in Axes
  2561 | D:9      | Reached skill level 10 in Fighting
  2568 | D:9      | Found a staircase to the Lair.
  2597 | D:9      | Found a radiant altar of Vehumet.
  2659 | D:9      | Noticed Erolcha
  2667 | D:9      | Killed Erolcha
  2751 | D:9      | Found a white marble altar of Elyvilon.
  2975 | D:10     | Entered Level 10 of the Dungeon
  2975 | D:10     | Found a snail-covered altar of Cheibriados.
  2979 | D:10     | Noticed Grum
  2981 | D:10     | Reached skill level 14 in Axes
  2991 | D:10     | Killed Grum
  2992 | D:10     | Reached skill level 5 in Invocations
  3042 | D:10     | Reached ****** piety under Okawaru
  3049 | D:10     | Received a gift from Okawaru
  3198 | D:11     | Noticed a two-headed ogre
  3209 | D:11     | Killed a two-headed ogre
  3277 | D:11     | Found a staircase to the Orcish Mines.
  3282 | D:11     | Reached XP level 12. HP: 60/110 MP: 17/17
  3416 | D:11     | Noticed a boulder beetle
  3417 | D:11     | Noticed a four-headed hydra
  3419 | D:11     | Found a transporter.
  3420 | D:11     | Noticed a centaur warrior
  3435 | D:11     | Noticed a boulder beetle
  3457 | D:11     | Noticed a four-headed hydra
  3468 | D:11     | Killed a one-headed hydra
  3469 | D:11     | Noticed a two-headed ogre
  3483 | D:11     | Killed a two-headed ogre
  3490 | D:11     | Found a transporter.
  3506 | D:11     | Killed a one-headed hydra
  3506 | D:11     | Received a gift from Okawaru
  3514 | D:11     | Reached skill level 15 in Axes
  3528 | D:11     | Noticed an orc knight
  3535 | D:11     | Killed a centaur warrior
  3538 | D:11     | Killed a boulder beetle
  3544 | D:11     | Killed an orc knight
  3545 | D:11     | Mangled by a white ugly thing

Illustrated notes

Levels and vault maps discovered:
D:1:      dpeg_arrival_pits, layout_loops_cross, dk_noncrumbling_2
D:2:      layout_basic, chequers_ecumenical_altar_island
D:3:      layout_loops_cross, uniq_sigmund
D:4:      layout_cave_pods, temple_statues, nicolae_inconvenience_store,
          minmay_mini_ossuary, uniq_duvessa
D:5:      layout_loops_ring, xom_teletrap_fun, gammafunk_ghost_cemetery
D:6:      layout_basic, dk_yredelemnul_ordeal, minmay_manual_mess
D:7:      layout_cave_pools, gammafunk_temple_overflow_elements, hex_medium,
          uniq_crazy_yiuf_cottage, uniq_maggie
D:8:      layout_cave_pools, minmay_misc_feat_secret_circle, grunt_ministairs_1
D:9:      layout_gridville, mainiacjoe_overflow_24_doors, vehumet_crystals,
          minmay_lair_entry_grove, uniq_erolcha
D:10:     layout_loops_ring, jmf_multi_god_temple,
          nicolae_overflow_crystal_walls, uniq_grum, uniq_joseph
D:11:     gammafunk_the_bubble [the_bubble_gammafunk_crates], layout_rooms,
          david_orc_4, special_room [special_room_bee]

Skill      XL: |  1  2  3  4  5  6  7  8  9 10 11 12 |
---------------+-------------------------------------+-----
Armour         | 4 5 6 9 10 11 12 | 12.0
Shields        | 4 5 |  5.0
Axes           | 3 6 7 8 9 12 14 15 | 15.4
Fighting       | 4 5 6 8 9 11 12 | 12.0
Invocations    | 4 6 8 |  8.0

Action                   |  1- 3 |  4- 6 |  7- 9 | 10-12 || total
-------------------------+-------+-------+-------+-------++-------
Melee: War axe           |    46 |    70 |   135 |   136 ||   387
       Broad axe         |       |       |       |   195 ||   195
Invok: Heroism           |       |       |     2 |     2 ||     4
       Finesse           |       |       |       |     1 ||     1
Evoke: Wand              |       |       |     3 |     7 ||    10
  Use: Scroll            |     1 |     3 |     3 |     6 ||    13
       Potion            |       |     1 |     1 |       ||     2
 Stab: Paralysed         |       |       |     5 |     2 ||     7
Armor: Scale mail        |    42 |    32 |       |       ||    74
       Chain mail        |       |    19 |    80 |       ||    99
       Plate armour      |       |       |    20 |   295 ||   315
Dodge: Dodged            |    15 |    28 |    34 |   102 ||   179
Block: Buckler           |    11 |    17 |    39 |   104 ||   171
